 Dungeon Crawl Stone Soup version 0.30.0 (webtiles) character file.

Game seed: 17258066695216174688

14101 Fobzilla the Basher (level 12, -3/110 HPs)
             Began as a Hill Orc Monk on Sept 3, 2023.
             Was a High Priest of Jiyva.
             Slain by a black mamba (4 damage)
             ... on level 2 of the Lair of Beasts on Sept 4, 2023.
             The game lasted 00:57:41 (7787 turns).

Fobzilla the Basher (Hill Orc Monk)                 Turns: 7787, Time: 00:57:42

Health: -3/110     AC: 14    Str: 22    XL:     12   Next: 13%
Magic:  12/12      EV:  8    Int:  7    God:    Jiyva [*****.]
Gold:   403        SH:  0    Dex: 19    Spells: 7/11 levels left

rFire   . . .        k - +1 mace (heavy)
rCold   + . .        d - orb {light}
rNeg    . . .        h - +1 plate armour
rPois   .            b - +0 hat
rElec   .            j - +0 cloak
rCorr   +            (no gloves)
SInv    .            (no boots)
Will    +++..        v - amulet of regeneration Stlth
                     (no ring)
HPRegen 2.62/turn    (no ring)
MPRegen 0.58/turn

%: no passive effects
@: confused, lethally poisoned (-3 -> -10), ambrosia-drunk, calling ooze,
glowing
A: iridescent scales 1, agile 1, cold resistance 1, strong-willed 3, strong 2,
pseudopods 1, tendrils, engulf
a: Renounce Religion, Oozemancy, Slimify


You were on level 2 of the Lair of Beasts.
You worshipped Jiyva.
Jiyva was extremely pleased with you.
You visited 2 branches of the dungeon, and saw 10 of its levels.
You also visited: Sewer.

You collected 403 gold pieces.

Inventory:

Hand Weapons
 k - a +1 heavy mace (weapon)
 n - a +2 dagger of speed
 p - the +1 sling of Utey {elec, Str+3 Stlth+}
   (You found it on level 2 of the Dungeon)

   Str:       It affects your strength (+3).
   Stlth:     It makes you more stealthy.
 r - a +4 whip
 y - a +3 hand axe
 F - a +0 flail of protection
 G - a +0 arbalest
 I - a +0 hammer
 K - a +0 dagger of flaming
 M - a +0 shortbow
 N - a +2 whip of electrocution
 P - a +0 sling of electrocution
 U - a +1 flail of holy wrath
 X - a -2 demon whip of venom
Missiles
 e - 67 stones (quivered)
 x - 4 boomerangs
 A - 3 throwing nets
 B - 3 boomerangs of dispersal
 L - 8 poisoned darts
 V - 5 curare-tipped darts
Armour
 b - a +0 hat (worn)
 d - an orb of light (worn)
 h - a +1 plate armour (worn)
 j - a +0 cloak (worn)
 o - a +0 barding
 E - a +0 chain mail
 H - a +0 cloak
 O - a +0 robe
Magical Staves
 l - a staff of fire
Jewellery
 v - an amulet of regeneration (around neck)
Wands
 g - a wand of flame (11)
 J - a wand of paralysis (3)
Scrolls
 t - a scroll of fear
 C - a scroll of teleportation
 D - 2 scrolls of fog
 R - a scroll of summoning
Potions
 a - a potion of haste
 f - a potion of resistance {unknown}
 q - a potion of attraction {unknown}
 u - a potion of flight {unknown}
 w - 2 potions of cancellation
 Q - a potion of lignification {unknown}
 W - a potion of experience {unknown}


   Skills:
 + Level 11.1 Fighting
 + Level 4.1 Short Blades
 + Level 5.5(11.5) Axes
 + Level 13.2(13.5) Maces & Flails
 + Level 0.3 Ranged Weapons
 + Level 0.5 Throwing
 + Level 11.4 Armour
 + Level 3.1 Dodging
 + Level 0.8 Stealth
 + Level 0.8 Evocations


You had 7 spell levels left.
You knew the following spells:

 Your Spells              Type           Power      Damage    Failure   Level
a - Manifold Assault      Tloc           0%         N/A       100%        4

Your spell library contained the following spells:

 Spells                   Type           Power      Damage    Failure   Level
 Blink                    Tloc           0%         N/A       100%        2
 Poisonous Vapours        Pois/Air       0%         N/A       100%        2
 Mephitic Cloud           Conj/Pois/Air  0%         N/A       100%        3
 Volatile Blastmotes      Fire/Tloc      0%         2d10      100%        3
 Fulminant Prism          Conj/Hex       0%         3d5       100%        4
 Iskenderun's Mystic Bla  Conj/Tloc      0%         2d3       100%        4
 Freezing Cloud           Conj/Ice/Air   0%         6-21      100%        5
 Lee's Rapid Deconstruct  Erth           0%         3d4*      100%        5
 Storm Form               Tmut/Air       0%         N/A       100%        7


Dungeon Overview and Level Annotations

Branches:
Dungeon (8/15)             Temple (0/1) D:6            Lair (2/5) D:8
  Sewer (visited)
  Swamp: Lair:2-3    Shoals: Lair:2-3     Snake: Lair:2-3    Spider: Lair:2-3

Altars:
Dithmenos
Elyvilon
Hepliaklqana
Makhleb
Uskayaw
Wu Jian
Jiyva


Innate Abilities, Weirdness & Mutations

You are partially covered in iridescent scales. (AC +2)
You are agile. (Dex +4, Str/Int -1)
Your flesh is cold resistant. (rC+)
You are extremely strong-willed. (Will+++)
Your muscles are very strong. (Str +8, Int/Dex -2)
Armour fits poorly on your pseudopods.
You are covered in slimy tendrils that may disarm your opponents.
Your melee attacks may engulf your foes in ooze.


Message History

The black mamba bites you.
* * * LOW HITPOINT WARNING * * *
The walls burn the water moccasin!
You kill the water moccasin!
The walls burn the wolf!
The wolf barely misses you. The black mamba closely misses you.
The wall burns the polar bear!
You are confused.
You feel invigorated.
You feel very sick.
The walls burn the wolf!
The wolf barely misses you.
The black mamba bites you but does no damage.
The wall burns the water moccasin!
The walls burn the wolf!
The wolf barely misses you.
The walls burn the polar bear!
The polar bear bites you!
* * * LOW HITPOINT WARNING * * *
The polar bear closely misses you.
The polar bear claws you but does no damage.
The black mamba bites you but does no damage.
The wall burns the water moccasin!
The black mamba attacks as you move away!
The black mamba barely misses you.
The polar bear attacks as you move away!
The polar bear bites you but does no damage.
The polar bear claws you but does no damage.
The polar bear barely misses you. The wolf attacks as you move away!
The wolf bites you but does no damage.
You feel very sick.
The wall burns the water moccasin!
The walls burn the polar bear!
The wall burns the wolf!
You kill the wolf!
You bump into the slime covered rock wall.
You feel very sick.
The walls burn the black mamba!
The black mamba bites you.
* * * LOW HITPOINT WARNING * * *
The wall burns the water moccasin!
The water moccasin bites you.
* * * LOW HITPOINT WARNING * * *
You are more poisoned.
The water moccasin poisons you!
The walls burn the polar bear!
The walls burn the black mamba!
The black mamba bites you.
You die...

.......... .†........
........## ............
.#........ ...........
.#.#...... .......[...
..##P#.... .......^..
.#~###.... #......... .~~~#
..... ####......# ..~~#
.....#####@#.#....##.. .~~~#
.......#..SS†)†.....♣
~.~~......~....[.†.††...#...
~≈.≈.....~≈≈................
..~.......≈≈.............#..
..~~.......≈~........###.# .
~..........≈~......### ..♣
...♣........≈...#### ..♣
♣.♣.........~...## ..


You could see a black mamba and a water moccasin.

Vanquished Creatures
  Amaemon (Lair:1)
  A skyshark (Lair:2)
  8 elephants (Lair:1)
  An orange demon (Lair:1)
  3 rime drakes
  A cane toad (Lair:1)
  3 komodo dragons
  Grinder (D:4)
  2 hornets
  3 polar bears
  Prince Ribbit (D:6)
  Sigmund (D:5)
  A spriggan (Lair:2)
  11 yaks
  2 wyverns
  2 basilisks
  Edmund (D:5)
  2 vampire mosquitoes (D:8)
  Menkaure (D:6)
  Duvessa (D:4)
  4 water moccasins
  5 ice beasts
  2 sky beasts
  A black bear (Lair:2)
  3 ogres
  3 wolves (Lair:2)
  A centaur (D:6)
  A phantom (D:3)
  A kobold brigand (D:6)
  8 bullfrogs
  A scorpion (D:5)
  Dowan (D:4)
  5 wights (D:5)
  2 howler monkeys (D:5)
  4 hounds (D:5)
  An orc priest (D:5)
  Crazy Yiuf (D:5)
  2 gnoll boudas
  5 iguanas
  2 orc wizards (D:8)
  19 gnolls
  13 adders
  A shadow imp (D:7)
  A worm (D:6)
  2 dart slugs (D:1)
  15 orcs
  3 bats
  An endoplasm (D:1)
  3 giant cockroaches
  7 goblins
  6 hobgoblins
  16 jackals
  11 kobolds
  A quokka (D:3)
  12 ball pythons
  2 frilled lizards (D:1)
  7 rats
220 creatures vanquished.

Vanquished Creatures (collateral kills)
  Pikel (D:6)
  2 lemures (D:6)
3 creatures vanquished.

Vanquished Creatures (others)
  A water moccasin (Lair:1)
  An ice beast (D:8)
  A wolf (D:8)
  A kobold brigand (D:5)
  A bullfrog (Lair:1)
  A scorpion (D:5)
  22 jellies
  A hound (D:5)
  2 orc wizards
  4 gnolls (D:5)
  An adder (D:4)
  A shadow imp (D:6)
  A dart slug (D:2)
  3 endoplasms
  12 orcs
  4 bats
  2 giant cockroaches (D:6)
  A hobgoblin (D:3)
  A jackal (D:5)
  3 quokkas (D:6)
  A kobold (D:4)
  3 rats
  9 fungi
  17 plants
94 creatures vanquished.

Grand Total: 317 creatures vanquished

Notes
Turn   | Place    | Note
-------+----------+-------------------------------------------
     0 | D:1      | Fobzilla the Hill Orc Monk began the quest for the Orb.
     0 | D:1      | Reached XP level 1. HP: 19/19 MP: 1/1
    76 | D:1      | Reached XP level 2. HP: 23/27 MP: 2/2
   344 | D:1      | Found a faded altar of an unknown god.
   366 | D:1      | Prayed at the altar of an unknown god.
   366 | D:1      | Became a worshipper of Jiyva Joel the Shapeless
   366 | D:1      | Reached * piety under Jiyva
   366 | D:1      | Reached ** piety under Jiyva
   499 | D:1      | Reached XP level 3. HP: 33/33 MP: 3/3
   650 | D:2      | Found a hazy altar of Hepliaklqana.
   687 | D:2      | Reached skill level 5 in Axes
   725 | D:2      | Reached *** piety under Jiyva
   725 | D:2      | Gained mutation: You are covered in slimy tendrils that may
                  | disarm your opponents. [Jiyva's grace]
   725 | D:2      | Gained mutation: You are partially covered in iridescent
                  | scales. (AC +2) [Jiyva's grace]
   725 | D:2      | Gained mutation: You are mostly covered in iridescent
                  | scales. (AC +4) [Jiyva's grace]
   725 | D:2      | Gained mutation: You are completely covered in iridescent
                  | scales. (AC +6) [Jiyva's grace]
  1030 | D:2      | Identified the +1 sling of Utey {elec, Str+3 Stlth+}
  1336 | D:3      | Reached XP level 4. HP: 41/41 MP: 4/4
  1409 | D:3      | Noticed a phantom
  1456 | D:3      | Killed a phantom
  1457 | D:3      | Reached skill level 1 in Armour
  1457 | D:3      | Reached XP level 5. HP: 47/47 MP: 5/5
  1504 | D:3      | Reached **** piety under Jiyva
  1689 | D:3      | Found a burning altar of Makhleb.
  2118 | D:4      | Found a shadowy altar of Dithmenos.
  2301 | D:4      | Noticed Dowan
  2302 | D:4      | Noticed Duvessa
  2318 | D:4      | Killed Duvessa
  2319 | D:4      | Reached XP level 6. HP: 36/55 MP: 6/6
  2334 | D:4      | Killed Dowan
  2449 | D:4      | Reached ***** piety under Jiyva
  2460 | D:4      | Noticed Grinder
  2476 | D:4      | Killed Grinder
  2477 | D:4      | Reached skill level 5 in Fighting
  2477 | D:4      | Reached skill level 2 in Maces & Flails
  2477 | D:4      | Reached XP level 7. HP: 61/61 MP: 7/7
  2653 | D:4      | Lost mutation: You are completely covered in iridescent
                  | scales. (AC +6) [Jiyva's grace]
  2653 | D:4      | Lost mutation: You are mostly covered in iridescent scales.
                  | (AC +4) [Jiyva's grace]
  2653 | D:4      | Gained mutation: You are agile. (Dex +4, Str/Int -1)
                  | [Jiyva's grace]
  2653 | D:4      | Gained mutation: You are very agile. (Dex +8, Str/Int -2)
                  | [Jiyva's grace]
  2653 | D:4      | Gained mutation: Your muscles are strong. (Str +4, Int/Dex
                  | -1) [Jiyva's grace]
  2653 | D:4      | Gained mutation: Your muscles are very strong. (Str +8,
                  | Int/Dex -2) [Jiyva's grace]
  2899 | D:4      | Found a hide-covered altar of Uskayaw.
  2939 | D:5      | Entered Level 5 of the Dungeon
  2971 | D:5      | Reached skill level 3 in Maces & Flails
  3117 | D:5      | Reached skill level 4 in Maces & Flails
  3167 | D:5      | Reached skill level 5 in Maces & Flails
  3167 | D:5      | Reached XP level 8. HP: 68/68 MP: 8/8
  3455 | D:5      | Reached skill level 6 in Maces & Flails
  3536 | D:5      | Noticed Edmund
  3560 | D:5      | Killed Edmund
  3685 | D:5      | Found a runed translucent door.
  3686 | D:5      | Noticed Crazy Yiuf
  3884 | D:5      | Noticed Sigmund
  3896 | D:5      | Killed Sigmund
  3897 | D:5      | Reached skill level 7 in Maces & Flails
  3984 | D:5      | Reached XP level 9. HP: 69/74 MP: 9/9
  4153 | D:5      | Killed Crazy Yiuf
  4192 | D:6      | Reached skill level 8 in Maces & Flails
  4316 | D:6      | Found a white marble altar of Elyvilon.
  4332 | D:6      | Reached skill level 5 in Armour
  4336 | D:6      | Gained mutation: Your flesh is cold resistant. (rC+)
                  | [Jiyva's grace]
  4336 | D:6      | Gained mutation: Your flesh is very cold resistant. (rC++)
                  | [Jiyva's grace]
  4336 | D:6      | Gained mutation: Your flesh is almost immune to the effects
                  | of cold. (rC+++) [Jiyva's grace]
  4336 | D:6      | Gained mutation: Armour fits poorly on your pseudopods.
                  | [Jiyva's grace]
  4337 | D:6      | Reached ****** piety under Jiyva
  4433 | D:6      | Noticed Menkaure
  4441 | D:6      | Killed Menkaure
  4442 | D:6      | Reached skill level 9 in Maces & Flails
  4489 | D:6      | Noticed Prince Ribbit
  4497 | D:6      | Killed Prince Ribbit
  4570 | D:6      | Noticed a hornet
  4573 | D:6      | Paralysed by a hornet for 2 turns
  4583 | D:6      | Paralysed by a hornet for 1 turns
  4584 | D:6      | Killed a hornet
  4733 | D:6      | Found a staircase to the Ecumenical Temple.
  4747 | D:6      | Noticed Pikel
  4766 | D:6      | Killed Pikel
  4767 | D:6      | Reached skill level 10 in Maces & Flails
  4767 | D:6      | Reached XP level 10. HP: 63/88 MP: 10/10
  4833 | D:6      | Found a glowing drain.
  4837 | Sewer    | Entered a sewer
  5176 | D:7      | Paralysed by a hornet for 3 turns
  5182 | D:7      | Paralysed by a hornet for 2 turns
  5232 | D:7      | Learned a level 4 spell: Manifold Assault
  5754 | D:8      | Reached skill level 11 in Maces & Flails
  5926 | D:8      | Found an ornate altar of the Wu Jian Council.
  5990 | D:8      | Lost mutation: You are very agile. (Dex +8, Str/Int -2)
                  | [Jiyva's grace]
  5990 | D:8      | Lost mutation: Your flesh is almost immune to the effects
                  | of cold. (rC+++) [Jiyva's grace]
  5990 | D:8      | Lost mutation: Your flesh is very cold resistant. (rC++)
                  | [Jiyva's grace]
  5990 | D:8      | Gained mutation: Your melee attacks may engulf your foes in
                  | ooze. [Jiyva's grace]
  5990 | D:8      | Gained mutation: You are strong-willed. (Will+) [Jiyva's
                  | grace]
  5990 | D:8      | Gained mutation: You are highly strong-willed. (Will++)
                  | [Jiyva's grace]
  5990 | D:8      | Gained mutation: You are extremely strong-willed. (Will+++)
                  | [Jiyva's grace]
  6268 | D:8      | Found a staircase to the Lair.
  6705 | Lair:1   | Entered Level 1 of the Lair of Beasts
  6717 | Lair:1   | Reached skill level 12 in Maces & Flails
  6717 | Lair:1   | Reached XP level 11. HP: 90/99 MP: 11/11
  6828 | Lair:1   | Noticed Amaemon
  6843 | Lair:1   | Killed Amaemon
  6892 | Lair:1   | Reached skill level 10 in Fighting
  7024 | Lair:1   | Reached skill level 10 in Armour
  7032 | Lair:1   | Reached skill level 13 in Maces & Flails
  7623 | Lair:2   | Noticed a skyshark
  7633 | Lair:2   | Killed a skyshark
  7634 | Lair:2   | Reached XP level 12. HP: 15/110 MP: 12/12
  7785 | Lair:2   | HP: 5/110 [polar bear (7)]
  7787 | Lair:2   | HP: 1/110 [water moccasin (6)]
  7787 | Lair:2   | Slain by a black mamba

Illustrated notes

Levels and vault maps discovered:
D:1:      lemuel_arrival_funnel, layout_rooms,
          hellmonk_ecumenical_altar_prayer_group, minmay_octomino_j4
D:2:      layout_loops_ring, basic_altar
D:3:      layout_basic, lemuel_crystal_altar, minmay_starry_boxes
D:4:      layout_cave_pods, amcnicky_altar_gilded, lemuel_round_altar,
          uniq_grinder, uniq_duvessa
D:5:      lemuel_castle_with_subvaults [lemuel_castle_interior_carwin_2],
          layout_basic, uniq_crazy_yiuf_cottage, uniq_sigmund, uniq_edmund
D:6:      layout_basic, overflow_temple_1_default, minmay_temple_entry_grid,
          gup_sewer_entry_spiral, uniq_prince_ribbit1, uniq_menkaure, uniq_pikel
D:7:      layout_basic
D:8:      layout_loops_corners, nzn_wu_jian_contemplation,
          hellmonk_lair_entry_icy
Lair:1:   layout_small_grid, uniq_amaemon
Lair:2:   layout_hall_layers, elwin_shoals_entry_rooms, serial_rivers,
          chequers_serial_rivers_marsh, chequers_serial_rivers_micro_d,
          chequers_serial_rivers_micro_e, chequers_serial_rivers_small_a,
          chequers_serial_rivers_small_3, chequers_serial_rivers_large_b,
          st_stairs_9, grunt_forest_stairs_clearing

Skill      XL: |  1  2  3  4  5  6  7  8  9 10 11 12 |
---------------+-------------------------------------+-----
Fighting       | 4 5 6 7 9 11 | 11.1
Axes           | 5 |  5.5
Short Blades   | 2 3 4 |  4.1
Armour         | 1 2 4 6 8 10 11 | 11.4
Maces & Flails | 2 5 7 10 12 13 | 13.2
Dodging        | 3 |  3.1
Ranged Weapons | |  0.3
Throwing       | |  0.5
Stealth        | |  0.8
Evocations     | |  0.8

Action                     |  1- 3 |  4- 6 |  7- 9 | 10-12 || total
---------------------------+-------+-------+-------+-------++-------
  Melee: Hand axe          |    64 |       |       |       ||    64
         Dagger            |    15 |    82 |       |       ||    97
         Whip              |       |    48 |   209 |       ||   257
         Flail             |       |       |   152 |   184 ||   336
         Pseudopods        |       |       |    18 |   108 ||   126
         Mace              |       |       |       |   158 ||   158
   Fire: Sling             |     7 |       |       |       ||     7
  Throw: Stone             |       |     4 |     4 |       ||     8
 Invoke: Slimify           |       |       |       |     2 ||     2
         Oozemancy         |       |       |       |     3 ||     3
  Evoke: Wand              |       |       |       |     6 ||     6
    Use: Scroll            |     2 |     3 |     2 |    12 ||    19
         Potion            |       |       |       |    11 ||    11
 Armour: Robe              |     2 |       |       |       ||     2
         Plate armour      |    64 |   122 |   263 |   295 ||   744
  Dodge: Dodged            |    21 |    31 |   144 |   198 ||   394
